 Dungeon Crawl Stone Soup version 0.26-a0-665-gefeb406119 (webtiles) character file.

Game seed: 18024108628390514276

240 somkeydreadnuts the Chopper (level 5, 0/43 HPs)
             Began as a Demonspawn Berserker on Oct 15, 2020.
             Was a Believer of Trog.
             Slain by a gnoll
             ... wielding a +0 quarterstaff
              (9 damage)
             ... on level 3 of the Dungeon.
             The game lasted 00:07:49 (2156 turns).

somkeydreadnuts the Chopper (Demonspawn Berserker)  Turns: 2156, Time: 00:07:50

Health: 0/43       AC:  3    Str: 18    XL:     5   Next: 80%
Magic:  5/5        EV: 13    Int:  8    God:    Trog [**....]
Gold:   103        SH:  0    Dex: 13    Spells: 4/4 levels left

rFire    . . .     SeeInvis +   a - +0 hand axe
rCold    + . .     Faith    .   (no shield)
rNeg     . . .     Spirit   .   b - +0 animal skin
rPois    .         Reflect  .   (helmet unavailable)
rElec    .         Harm     .   (no cloak)
rCorr    .         Rampage  .   (no gloves)
MR       ++...                  l - +0 pair of boots
Stlth    +.........             (no amulet)
HPRegen  1.14/turn              g - ring of protection from cold
MPRegen  0.09/turn              (no ring)

@: regenerating
A: antennae 3
a: Berserk, Trog's Hand, Renounce Religion


You were on level 3 of the Dungeon.
You worshipped Trog.
Trog was pleased with you.
You visited 1 branch of the dungeon, and saw 3 of its levels.

You collected 103 gold pieces.

Inventory:

Hand Weapons
 a - a +0 hand axe (weapon)
Armour
 b - a +0 animal skin (worn)
 l - a +0 pair of boots (worn)
Jewellery
 c - an uncursed ring of teleportation
 g - a ring of protection from cold (left hand)
Scrolls
 d - 3 scrolls of identify
 e - a scroll of remove curse
 i - a scroll of enchant armour {unknown}
 j - a scroll of blinking {unknown}
 m - 2 scrolls of teleportation
Potions
 f - a potion of curing {unknown}
 h - a potion of cancellation {unknown}
 k - a potion of haste {unknown}
 n - 2 potions of mutation {unknown}
 o - a potion of might {unknown}
 p - a potion of stabbing {unknown}


   Skills:
 + Level 4.3 Fighting
 + Level 4.4 Axes
 + Level 2.1 Armour
 + Level 2.7 Dodging
 + Level 0.5 Stealth


You had 4 spell levels left.
You didn't know any spells.
Your spell library was empty.

Dungeon Overview and Level Annotations

Branches:
Dungeon (3/15)

Altars:


Innate Abilities, Weirdness & Mutations

You have a pair of large antennae on your head. (SInv)


Message History

The gnoll barely misses you.
You hit the gnoll.
The gnoll is severely wounded.
The gnoll hits you with a +0 quarterstaff!
You hit the gnoll.
The gnoll is almost dead.
The gnoll completely misses you.
You hit the gnoll but do no damage.
The gnoll is almost dead.
The gnoll hits you with a +0 quarterstaff!
* * * LOW HITPOINT WARNING * * *
Your skin crawls.
You feel resistant to hostile enchantments.
The gnoll hits you with a +0 flail.
* * * LOW HITPOINT WARNING * * *
You hit the gnoll.
The gnoll is moderately wounded.
You hit the gnoll but do no damage.
The gnoll hits you with a +0 quarterstaff!
You die...

### #.. #.. #.# #.# #.#
#.# #.# #.# #.# #.#
#.####g# #.#
#....g@##############.#
#.###....>.............
#..........########.#..
#.###...#### #†#..
##.## #.#.. #)# #.#..
#.# #.#.. #.# ####.#..
#.# #....#).


You could see 2 gnolls.

Vanquished Creatures
  Sigmund (D:2)
  3 adders
  An ooze (D:2)
  3 worms
  A dart slug (D:1)
  2 leopard geckos
  3 giant cockroaches
  4 goblins
  4 hobgoblins
  7 bats
  4 frilled lizards
  4 kobolds
  9 rats
46 creatures vanquished.

Notes
Turn   | Place    | Note
-------+----------+-------------------------------------------
     0 | D:1      | somkeydreadnuts the Demonspawn Berserker began the quest
                  | for the Orb.
     0 | D:1      | Reached XP level 1. HP: 18/18 MP: 1/1
   272 | D:1      | Gained mutation: You have a pair of small antennae on your
                  | head. [demonic ancestry]
   272 | D:1      | Reached XP level 2. HP: 15/24 MP: 2/2
   933 | D:2      | Noticed Sigmund
   961 | D:2      | Reached ** piety under Trog
   961 | D:2      | Gained mutation: You have a pair of antennae on your head.
                  | [demonic ancestry]
   961 | D:2      | Reached XP level 3. HP: 24/29 MP: 3/3
  1024 | D:2      | Killed Sigmund
  1024 | D:2      | Gained mutation: You have a pair of large antennae on your
                  | head. (SInv) [demonic ancestry]
  1024 | D:2      | Reached XP level 4. HP: 34/37 MP: 4/4
  1024 | D:2      | Reached XP level 5. HP: 40/42 MP: 5/5
  2156 | D:3      | Slain by a gnoll

Illustrated notes

Levels and vault maps discovered:
D:1:      nicolae_arrival_memento_mori, layout_rooms
D:2:      layout_rooms, uniq_sigmund
D:3:      layout_loops_ring

Skill      XL: |  1  2  3 |
---------------+----------+-----
Axes           | 3 4 |  4.4
Dodging        | 2 |  2.7
Armour         | 2 |  2.1
Fighting       | 4 |  4.3
Stealth        | |  0.5

Action                   |  1- 3 |  4- 6 || total
-------------------------+-------+-------++-------
Melee: Hand axe          |    88 |    72 ||   160
Invok: Berserk           |     1 |       ||     1
       Trog's Hand       |       |     1 ||     1
  Use: Scroll            |     7 |       ||     7
 Stab: Sleeping          |       |     1 ||     1
Armor: Animal skin       |    18 |    21 ||    39
Dodge: Dodged            |    75 |    46 ||   121

Table legend: (Time is in decaauts)
 A = Elapsed time spent in this place.
 B = Non-inter-level travel time spent in this place.
 C = Inter-level travel time spent in this place.
 D = Time resting spent in this place.
 E = Time spent auto-exploring this place.
 F = Levels seen in this place.
 G = Mean time per level.
                   A        B        C        D        E       F      G
               +--------+--------+--------+--------+--------+-----+--------+
         Total |   2183 |   2130 |     53 |      0 |   1509 |   3 |  727.7 |
       Dungeon |   2183 |   2130 |     53 |      0 |   1509 |   3 |  727.7 |
               +--------+--------+--------+--------+--------+-----+--------+

Top non-repeatable levels by time:
     D:2: 1069 daAuts
     D:1: 840 daAuts
     D:3: 273 daAuts
